 Dungeon Crawl Stone Soup version 0.22.0-49-gab54619674 (webtiles) character file.

851 JedernureinKreuz the Conjurer (level 7, -9/36 HPs)
             Began as a Deep Elf Conjurer on Sept 7, 2018.
             Was an Initiate of Dithmenos.
             Mangled by a black bear (12 damage)
             ... on level 6 of the Dungeon.
             The game lasted 00:30:09 (5206 turns).

JedernureinKreuz the Conjurer (Deep Elf Conjurer)   Turns: 5206, Time: 00:30:09

Health: -9/36      AC:  6    Str:  9    XL:     7   Next: 69%
Magic:  0/18       EV: 15    Int: 22    God:    Dithmenos [......]
Gold:   275        SH:  0    Dex: 15    Spells: 10/18 levels left

rFire    . . .     SeeInvis .   e - +0 short sword (holy)
rCold    + . .     Gourm    .   (no shield)
rNeg     . . .     Faith    .   a - +0 robe
rPois    .         Spirit   .   y - +2 hat
rElec    .         Reflect  .   (no cloak)
rCorr    .         Harm     .   k - +1 pair of gloves
MR       .....                  (no boots)
Stlth    +++.......             s - amulet of inaccuracy (curse)
HPRegen  0.12/turn              m - ring of protection from cold
MPRegen  0.16/turn              f - +4 ring of strength

@: no status effects
A: no striking features
a: Renounce Religion


You were on level 6 of the Dungeon.
You worshipped Dithmenos.
Dithmenos was noncommittal.
You were very hungry.

You visited 1 branch of the dungeon, and saw 6 of its levels.

You collected 275 gold pieces.

Inventory:

Hand Weapons
 e - a +0 short sword of holy wrath (weapon)
 o - a cursed -2 war axe
 p - the +8 mace of the Throat {venom, rElec rC- Str-5 Int+8, unknown}
   (You found it on level 4 of the Dungeon)

   It poisons the flesh of those it strikes.
   It affects your strength (-5).
   It affects your intelligence (+8).
   It makes you vulnerable to cold.
   It insulates you from electricity.
Missiles
 g - 9 tomahawks (quivered)
 r - 47 poisoned needles
Armour
 a - a +0 robe (worn)
 k - a +1 pair of gloves (worn)
 y - a +2 hat (worn)
Jewellery
 f - a +4 ring of strength (right hand)
 m - a ring of protection from cold (left hand)
 s - a cursed amulet of inaccuracy (around neck)
Wands
 v - a wand of polymorph (18)
Scrolls
 b - 6 scrolls of identify
 j - a scroll of immolation {unknown}
 u - a scroll of amnesia
 w - a scroll of teleportation
 x - a scroll of fog
Potions
 d - 2 potions of mutation
 h - a potion of lignification
 i - a potion of berserk rage {unknown}
 l - 2 potions of curing
 n - a potion of agility {unknown}
 q - a potion of flight {unknown}
 t - a potion of cancellation {unknown}
Comestibles
 c - 6 rations


   Skills:
 + Level 2.9 Short Blades
 + Level 5.4 Dodging
 + Level 5.7 Stealth
 + Level 6.0 Spellcasting
 + Level 6.2 Conjurations


You had 10 spell levels left.
You knew the following spells:

 Your Spells              Type           Power        Failure   Level  Hunger
a - Magic Dart            Conj           ####         1%          1    None
b - Dazzling Spray        Conj/Hex       ###...       8%          3    #......
c - Iskenderun's Mystic   Conj           ####....     7%          4    ###....

Your spell library contained the following spells:

 Spells                   Type           Power        Failure   Level  Hunger
 Searing Ray              Conj           ####..       1%          2    None
 Force Lance              Conj/Tloc      ###.....     26%         4    ###....
 Fulminant Prism          Conj/Hex       ###.......   26%         4    ###....


Dungeon Overview and Level Annotations

Branches:
Dungeon (6/15)
 Temple: D:4-7

Altars:
Ashenzari
Dithmenos
Fedhas
Nemelex Xobeh
Ru
Trog
Xom

Annotations:
D:4 SpeedDemon's ghost, amateur HaBe


Message History

The black bear is severely wounded.
The black bear goes berserk!
You barely miss the black bear.
The black bear is severely wounded.
The black bear bites you!
* * * LOW HITPOINT WARNING * * *
The black bear claws you.
* * * LOW HITPOINT WARNING * * *
The black bear barely misses you.
The black bear misses you. x2; The black bear claws you.
* * * LOW HITPOINT WARNING * * *
Casting: Magic Dart (safe; 1% risk of failure)
Confirm with . or Enter, or press ? or * to list all spells.
Aiming: Magic Dart (safe; 1% risk of failure)
Press: ? - help, Shift-Dir - straight line, f/p - black bear
Aim: a black bear (severely wounded, berserk, fast, unusually strong)
The magic dart hits the black bear.
The black bear is almost dead.
The black bear bites you!
You die...

...............
...............
...>.....)..?..
#..............
##.[...$.......
#..............
......).†......
...............
.......@..#####
######Jh###
######.###
#........#####
##............###
#...[...........#
#...............#
#...............#
...............##


You could see a black bear (berserk) and an ooze.

Vanquished Creatures
  An ice beast (D:5)
  A sky beast (D:5)
  An ogre (D:5)
  A bullfrog (D:6)
  A wyvern skeleton (D:5)
  2 scorpions (D:5)
  A bullfrog zombie (D:5)
  A centaur zombie (D:5)
  Natasha (thrice) (D:3)
  A bullfrog skeleton (D:6)
  2 worker ants
  A worker ant zombie (D:2)
  3 gnolls (D:2)
  3 adders
  An ooze (D:1)
  2 worms (D:2)
  3 dart slugs (D:3)
  4 orcs
  A ball python (D:3)
  6 giant cockroaches
  11 goblins
  5 hobgoblins
  4 jackals (D:1)
  6 kobolds
  5 quokkas
  7 bats
  2 frilled lizards
  A leopard gecko skeleton (D:5)
  2 quokka skeletons
  A quokka zombie (D:2)
  7 rats
90 creatures vanquished.

Vanquished Creatures (others)
  5 dream sheep (D:5)
  3 fungi (D:2)
8 creatures vanquished.

Grand Total: 98 creatures vanquished

Notes
Turn   | Place    | Note
-------+----------+-------------------------------------------
     0 | D:1      | JedernureinKreuz the Deep Elf Conjurer began the quest for
                  | the Orb.
     0 | D:1      | Reached XP level 1. HP: 10/10 MP: 6/6
   165 | D:1      | Reached XP level 2. HP: 10/15 MP: 1/8
   563 | D:1      | Reached XP level 3. HP: 19/19 MP: 8/10
   573 | D:1      | Found a shattered altar of Ashenzari.
   854 | D:2      | Found a sacrificial altar of Ru.
  1159 | D:2      | Reached XP level 4. HP: 24/24 MP: 4/12
  1214 | D:2      | Reached skill level 5 in Conjurations
  1601 | D:2      | Found a blossoming altar of Fedhas.
  1901 | D:3      | Noticed Natasha
  1908 | D:2      | Learned a level 3 spell: Dazzling Spray
  1912 | D:3      | Killed Natasha
  1912 | D:3      | Reached XP level 5. HP: 28/28 MP: 7/13
  1981 | D:3      | Noticed Natasha
  1991 | D:3      | Killed Natasha
  2079 | D:3      | Noticed Natasha
  2086 | D:3      | Killed Natasha
  2190 | D:3      | Reached skill level 1 in Short Blades
  2448 | D:3      | Found a sparkling altar of Nemelex Xobeh.
  2669 | D:3      | Found a bloodstained altar of Trog.
  3003 | D:4      | Got a dazzling mace
  3118 | D:4      | Found a shadowy altar of Dithmenos.
  3122 | D:4      | Became a worshipper of Dithmenos the Shadowed
  3157 | D:4      | Noticed SpeedDemon's ghost (amateur HaBe)
  3158 | D:4      | Found a runed door.
  3540 | D:4      | HP: 1/28 [SpeedDemon's ghost (5)]
  3853 | D:5      | Entered Level 5 of the Dungeon
  3879 | D:5      | Reached XP level 6. HP: 21/32 MP: 4/15
  4004 | D:5      | Reached skill level 5 in Spellcasting
  4335 | D:5      | Noticed an ice beast
  4347 | D:5      | Killed an ice beast
  4347 | D:5      | Reached skill level 5 in Stealth
  4347 | D:5      | Reached XP level 7. HP: 29/36 MP: 6/17
  4367 | D:5      | Reached skill level 5 in Dodging
  4673 | D:5      | Found a shimmering altar of Xom.
  4673 | D:5      | Noticed a dream sheep
  4673 | D:5      | Noticed a dream sheep
  4673 | D:5      | Noticed a dream sheep
  4673 | D:5      | Noticed a dream sheep
  4673 | D:5      | Noticed a dream sheep
  4679 | D:5      | Killed a dream sheep
  4679 | D:5      | Killed a dream sheep
  4679 | D:5      | Killed a dream sheep
  4679 | D:5      | Killed a dream sheep
  4680 | D:5      | Killed a dream sheep
  4683 | D:5      | Learned a level 4 spell: Iskenderun's Mystic Blast
  5206 | D:6      | Mangled by a black bear

Skill      XL: |  1  2  3  4  5  6  7 |
---------------+----------------------+-----
Stealth        | 3 4 5 |  5.7
Dodging        | 3 4 5 |  5.4
Spellcasting   | 4 5 6 |  6.0
Conjurations   | 5 6 |  6.2
Short Blades   | 1 2 |  2.9

Action                   |  1- 3 |  4- 6 |  7- 9 || total
-------------------------+-------+-------+-------++-------
Melee: Unarmed           |     1 |       |       ||     1
       Short sword       |    15 |    58 |     9 ||    82
Throw: Tomahawk          |     5 |     3 |       ||     8
 Cast: Magic Dart        |    60 |   134 |    43 ||   237
       Dazzling Spray    |       |    14 |       ||    14
       Iskenderun's Myst |       |       |     1 ||     1
  Use: Scroll            |       |     9 |     2 ||    11
       Potion            |       |       |     1 ||     1
 Stab: Sleeping          |       |     1 |       ||     1
  Eat: Chunk             |       |     6 |       ||     6
       Ration            |       |     2 |       ||     2
Armor: Robe              |    11 |    19 |     6 ||    36
Dodge: Dodged            |    21 |    54 |    32 ||   107
